Map: Colline di Doraelus

Players

Ilikejams

  • Race: Protoss Protoss
  • League: Diamond

Caburkie

  • Race: Zerg Zerg
  • League: Gold

BabyShoes

  • Race: Terran Terran
  • League: Silver

LaWeedaLoca - Winner!

  • Race: Protoss Protoss
  • League: Master

IlBirraioOo - Winner!

  • Race: Terran Terran

Jhyrachy - Winner!

  • Race: Zerg Zerg
  • League: Gold

VOD

Have the link to the VOD?

Description

Time

  • Played on: April 27, 2016, 5:08 p.m.
  • Length: 10:44
Show
View Real Time Build Order
Export as new Build Order

Ilikejams Protoss 

Build Orders:  

Get SALT Encoding   

  12  0:01  Probe (Chrono Boost)  
  13  0:12  Probe (Chrono Boost)  
  14  0:18  Pylon  
  14  0:23  Probe (Chrono Boost)  
  15  0:36  Probe (Chrono Boost)  
  15  0:37  Gateway  
  16  0:47  Probe (Chrono Boost)  
  16  0:49  Assimilator  
  17  0:57  Assimilator, Probe (Chrono Boost)  
  18  1:08  Probe (Chrono Boost)  
  20  1:18  Probe (Chrono Boost), Pylon  
  20  1:25  Cybernetics Core  
  20  1:29  Probe (Chrono Boost)  
  21  1:39  Probe (Chrono Boost)  
  22  2:02  Robotics Facility, Warp Gate (Chrono Boost)  
  22  2:08  Pylon  
  22  2:11  Mothership Core  
  24  2:28  Gateway  
  24  2:33  Gateway  
  24  2:49  Immortal (Chrono Boost)  
  24  2:50  Gateway  
  28  3:06  Stalker  
  30  3:15  Sentry  
  32  3:21  Sentry  
  32  3:25  Warp Prism (Chrono Boost)  
  36  4:00  Pylon  
  36  4:09  Stalker  
  38  4:14  Pylon  
  38  4:19  Immortal (Chrono Boost)  
  38  4:20  Pylon  
  42  4:27  Stalker x2  
  46  4:34  Sentry  
  48  4:52  Stalker x2  
  52  5:05  Pylon  
  53  5:14  Observer (Chrono Boost)  
  53  5:16  Adept  
  53  5:17  Adept  
  53  5:18  Adept x2  
  51  5:51  Stalker x3  
  49  5:58  Stalker  
  29  6:40  Stalker  
  29  6:41  Stalker x2  
  29  6:42  Stalker  
  35  7:08  Stalker x2  
  33  7:10  Zealot  
  33  7:11  Zealot  
  39  7:33  Nexus  
  33  7:42  Warp Prism (Chrono Boost)  
  27  7:45  Stalker x2  
  31  7:55  Stalker  
  31  7:57  Sentry  
  35  8:14  Probe  
  35  8:19  Stalker  
  38  8:26  Probe  
  39  8:42  Pylon, Stalker  
  41  8:53  Stalker  
  41  8:54  Sentry  
  45  9:07  Zealot, Stalker  
  25  9:41  Stalker x2  
  29  9:46  Probe  
  29  9:48  Probe  
  29  10:05  Zealot  
  29  10:06  Zealot  
Show
View Real Time Build Order
Export as new Build Order

Caburkie Zerg 

Build Orders: Hatch First, Zergling Baneling 

Get SALT Encoding   

  12  0:01  Drone  
  13  0:09  Drone  
  14  0:16  Overlord  
  14  0:35  Drone x2  
  16  0:37  Drone  
  17  0:52  Drone  
  18  1:04  Hatchery  
  18  1:08  Spawning Pool  
  16  1:12  Drone  
  16  1:18  Drone  
  18  1:22  Drone  
  18  1:25  Extractor  
  18  1:29  Drone  
  19  1:39  Drone  
  20  1:55  Queen  
  22  2:16  Queen  
  22  2:21  Drone x3, Extractor  
  26  2:23  Overlord  
  26  2:36  Zergling x4  
  28  2:49  Metabolic Boost  
  28  3:02  Drone x5  
  33  3:12  Overlord  
  33  3:13  Overlord  
  33  3:20  Zergling x4, Baneling Nest  
  33  3:21  Zergling x2  
  35  3:29  Overlord  
  35  3:30  Overlord  
  34  3:59  Zergling x2  
  35  4:05  Overlord x2  
  35  4:06  Zergling x2  
  35  4:07  Zergling x8  
  40  4:18  Zergling x14  
  40  4:22  Zergling x2  
  44  4:36  Zergling x2  
  45  4:38  Baneling  
  45  4:39  Baneling x6  
  45  4:40  Zergling x2  
  45  4:44  Zergling x2  
  45  4:45  Zergling x2  
  48  4:51  Hatchery  
  47  4:53  Zergling x8  
  47  4:54  Zergling x4  
  47  4:56  Zergling x2  
  47  4:59  Baneling x2  
  54  5:00  Baneling x3  
  54  5:01  Zergling x2  
  55  5:13  Zergling x4  
  57  5:19  Zergling x14  
  63  5:31  Zergling x4  
  49  5:50  Zergling x6  
  49  5:51  Zergling x12  
  51  6:03  Zergling x2  
  47  6:07  Baneling  
  47  6:08  Baneling x14  
  47  6:09  Zergling x2  
  48  6:17  Zergling x2  
  48  6:18  Zergling x8  
  45  6:44  Zergling x2  
  42  6:53  Zergling x2  
  37  6:54  Zergling x24  
  48  7:13  Zergling x6  
  51  7:17  Lair  
  51  7:22  Zergling x6  
  54  7:38  Hatchery  
  54  7:40  Baneling  
  54  7:41  Baneling  
  42  8:01  Baneling  
  42  8:02  Baneling x5  
  42  8:04  Drone x14  
  51  8:15  Spore Crawler  
  50  8:24  Spore Crawler  
  47  8:40  Overlord  
  41  8:51  Drone  
  32  8:57  Zergling x8  
  28  9:18  Zergling x10  
  26  9:42  Zergling x16  
  34  9:51  Zergling x6  
  35  10:11  Overlord  
  35  10:12  Overlord  
  33  10:23  Spawning Pool  
Show
View Real Time Build Order
Export as new Build Order

BabyShoes Terran 

Build Orders: MMM Bio 

Get SALT Encoding   

  12  0:01  SCV  
  13  0:13  SCV  
  14  0:18  Supply Depot  
  14  0:25  SCV  
  15  0:40  SCV  
  15  0:41  Barracks  
  16  0:54  Refinery, SCV  
  17  1:06  SCV, Barracks  
  18  1:13  Supply Depot  
  18  1:21  Refinery, SCV  
  19  1:33  SCV  
  19  1:34  Marine  
  21  1:45  Engineering Bay  
  21  1:54  Orbital Command  
  21  2:03  Barracks Tech Lab  
  21  2:09  Barracks Reactor  
  20  2:17  Terran Infantry Weapons Level 1  
  20  2:22  SCV  
  21  2:29  Marine  
  21  2:46  Marine  
  21  2:47  Marine x2  
  23  3:04  Marine  
  24  3:07  Factory  
  24  3:10  Stimpack  
  24  3:11  Marine x2  
  26  3:18  SCV  
  27  3:26  Supply Depot  
  27  3:31  SCV  
  28  3:36  Marine x2  
  32  3:48  Marauder  
  32  3:53  Missile Turret  
  32  3:56  Factory Reactor, Starport  
  32  4:00  Supply Depot  
  32  4:04  Marine x2  
  34  4:14  Supply Depot  
  34  4:15  SCV  
  35  4:17  Marine  
  35  4:23  Marine  
  35  4:24  Marine  
  38  4:27  SCV  
  39  4:33  Terran Infantry Armor Level 1  
  39  4:39  SCV  
  40  4:47  Medivac x2  
  44  5:02  Supply Depot  
  44  5:11  Marine  
  44  5:12  Marauder, Marine  
  48  5:17  Factory Tech Lab  
  48  5:23  Barracks  
  48  5:26  Barracks  
  48  5:29  Marine  
  49  5:47  Marine  
  49  5:48  Marauder, Marine  
  37  6:31  Marine x2  
  37  6:32  Marauder  
  41  6:33  Siege Tank  
  41  6:36  Liberator  
  43  6:49  Marine x2  
  43  6:53  Marauder  
  42  6:55  Liberator  
  38  7:05  Siege Tank  
  38  7:07  Marine x2  
  43  7:14  Marauder  
  48  7:24  Command Center, Marine  
  49  7:33  Marine  
  49  7:36  Marauder  
  52  7:42  Marine  
  52  7:43  Armory  
  53  7:51  Marine  
  53  7:53  Barracks Tech Lab  
  53  7:54  Barracks Reactor  
  53  7:55  Combat Shields  
  54  8:05  Marine  
  57  8:06  Marauder  
  57  8:13  Liberator x2  
  63  8:47  Missile Turret  
  63  8:50  Orbital Command  
  63  8:59  Marine x2  
  63  9:00  Marauder  
  67  9:23  SCV x2  
  67  9:24  Marauder, Marine  
  64  9:38  Medivac  
  51  9:55  Marine x3  
  51  9:56  Marauder x2, Marine  
  59  10:13  Marine  
  60  10:22  SCV x2  
Show
View Real Time Build Order
Export as new Build Order

LaWeedaLoca Protoss - Winner!

Build Orders: 1 Gate Expand 

Get SALT Encoding   

  12  0:04  Probe (Chrono Boost)  
  13  0:14  Probe (Chrono Boost)  
  13  0:17  Pylon  
  14  0:25  Probe (Chrono Boost)  
  15  0:36  Probe (Chrono Boost)  
  15  0:37  Gateway  
  16  0:50  Probe (Chrono Boost)  
  16  0:52  Assimilator  
  17  1:05  Probe (Chrono Boost)  
  18  1:19  Nexus  
  18  1:24  Probe (Chrono Boost)  
  19  1:32  Cybernetics Core  
  19  1:36  Probe (Chrono Boost)  
  20  1:44  Pylon  
  20  1:48  Probe (Chrono Boost)  
  21  2:02  Probe (Chrono Boost)  
  21  2:05  Assimilator  
  22  2:13  Mothership Core (Chrono Boost)  
  24  2:18  Warp Gate (Chrono Boost)  
  24  2:31  Probe (Chrono Boost)  
  24  2:34  Probe (Chrono Boost)  
  26  2:43  Probe (Chrono Boost)  
  27  2:48  Probe (Chrono Boost), Pylon  
  27  2:51  Robotics Facility  
  28  2:53  Probe (Chrono Boost)  
  28  2:55  Adept  
  32  2:58  Probe (Chrono Boost)  
  32  3:04  Probe (Chrono Boost)  
  33  3:09  Probe (Chrono Boost)  
  34  3:14  Gateway  
  34  3:16  Gateway  
  34  3:19  Probe (Chrono Boost)  
  36  3:20  Probe (Chrono Boost)  
  36  3:24  Adept  
  38  3:33  Probe x2 (Chrono Boost)  
  40  3:40  Observer (Chrono Boost)  
  41  3:42  Assimilator, Probe  
  41  3:44  Probe  
  41  3:46  Assimilator  
  43  3:53  Probe  
  44  3:56  Probe  
  44  3:57  Forge  
  44  3:58  Warp Prism (Chrono Boost)  
  47  4:03  Probe  
  47  4:08  Probe  
  49  4:22  Probe  
  49  4:23  Probe  
  51  4:28  Adept  
  51  4:34  Pylon  
  51  4:36  Pylon  
  51  4:51  Adept  
  57  4:53  Immortal (Chrono Boost)  
  57  4:55  Adept x2  
  61  5:13  Protoss Ground Weapons Level 1  
  61  5:15  Probe  
  61  5:17  Probe  
  61  5:19  Gateway  
  61  5:20  Gateway, Adept x3  
  69  5:24  Gateway  
  69  5:29  Probe  
  69  5:32  Pylon  
  69  5:33  Pylon  
  70  5:35  Pylon  
  70  5:37  Pylon  
  70  5:46  Probe  
  70  5:47  Probe  
  66  5:51  Immortal (Chrono Boost)  
  56  5:57  Adept x2  
  56  5:58  Adept  
  62  6:15  Adept  
  62  6:16  Adept  
  62  6:24  Stalker x4  
  68  6:40  Adept x2  
  72  6:47  Adept x2  
  72  6:48  Adept x2  
  76  6:58  Immortal (Chrono Boost)  
  80  7:07  Protoss Ground Armor Level 1  
  80  7:11  Twilight Council  
  80  7:25  Gateway  
  80  7:27  Gateway, Adept x3  
  86  7:34  Pylon x2  
  86  7:37  Pylon  
  86  7:52  Immortal (Chrono Boost)  
  86  7:55  Resonating Glaives (Chrono Boost)  
  90  8:16  Nexus  
  90  8:19  Pylon, Adept  
  92  8:20  Adept  
  92  8:21  Pylon, Adept x2  
  92  8:22  Adept x2  
  92  8:26  Pylon  
  102  8:29  Pylon  
  102  8:33  Immortal  
  106  8:40  Templar Archives  
  106  8:43  Adept x3  
  106  8:44  Adept x2  
  116  9:09  Adept x6  
  122  9:42  Immortal  
  125  10:12  Stalker x5  
  125  10:13  Stalker  
  137  10:24  Assimilator  
  137  10:28  Assimilator  
Show
View Real Time Build Order
Export as new Build Order

IlBirraioOo Terran - Winner!

Build Orders: Reaper Expand, MMM Bio 

Get SALT Encoding   

  12  0:01  SCV  
  13  0:13  SCV  
  14  0:19  Supply Depot  
  14  0:25  SCV  
  15  0:41  SCV  
  16  0:43  Barracks  
  16  0:46  Refinery  
  16  0:54  SCV  
  17  1:08  SCV  
  18  1:20  SCV  
  19  1:32  Orbital Command, Reaper  
  20  1:42  Command Center  
  20  1:58  SCV  
  21  2:07  Supply Depot  
  21  2:12  SCV  
  21  2:13  Barracks Reactor  
  22  2:28  Refinery  
  22  2:29  Factory  
  22  2:31  Barracks  
  22  2:32  SCV  
  22  2:34  Barracks  
  23  2:48  SCV  
  24  3:09  SCV  
  24  3:10  Orbital Command  
  24  3:11  Marine x2  
  27  3:16  Factory Tech Lab  
  27  3:21  Barracks Reactor, SCV  
  27  3:22  Barracks Tech Lab  
  28  3:33  Marine x2  
  28  3:34  SCV  
  31  3:46  Marine  
  31  3:47  SCV  
  33  3:50  Marine  
  34  3:59  Marine x3  
  34  4:02  SCV  
  38  4:03  SCV  
  39  4:10  Marine x2, Stimpack  
  39  4:12  Siege Tank  
  39  4:14  SCV  
  39  4:16  Supply Depot  
  44  4:17  Marine  
  44  4:18  Starport  
  44  4:22  SCV  
  46  4:27  Supply Depot  
  46  4:37  Marine x5, SCV x2  
  53  4:40  Supply Depot  
  53  4:44  Engineering Bay  
  53  4:47  Refinery  
  53  4:49  SCV x2  
  55  4:53  Siege Tank  
  58  5:02  Marine x3, SCV  
  58  5:03  Marine x2  
  58  5:05  SCV  
  65  5:16  Medivac  
  65  5:17  SCV  
  65  5:21  SCV  
  69  5:23  Barracks  
  69  5:24  Barracks  
  69  5:29  SCV  
  70  5:44  Marine x3  
  70  5:45  Marine, SCV, Supply Depot  
  70  5:46  Marine, Supply Depot  
  56  6:04  Marine  
  56  6:05  Marine x4  
  56  6:06  Siege Tank  
  64  6:16  Marine x2  
  61  6:18  SCV  
  61  6:19  SCV  
  61  6:22  Marine x2  
  61  6:23  Marine  
  58  6:38  Marine x4  
  61  6:40  Marine  
  61  6:46  Marine x2  
  58  6:56  Marine x4  
  58  6:58  Marine, SCV x2  
  65  7:02  Supply Depot  
  65  7:03  Marine, Supply Depot  
  65  7:04  Marine  
  67  7:10  Supply Depot  
  67  7:13  Barracks  
  67  7:14  Marine x2  
  71  7:16  Barracks Reactor, Marine  
  71  7:17  Barracks Reactor  
  71  7:19  Combat Shields  
  71  7:20  Siege Tank  
  71  7:21  Marine  
  74  7:25  Medivac  
  76  7:45  Command Center  
  76  7:56  Marine x4  
  76  7:57  Siege Tank, Marine x2  
  85  7:58  Marine  
  85  8:00  Starport Reactor  
  86  8:09  SCV x2  
  86  8:12  Marine x3  
  91  8:14  Marine  
  92  8:20  Terran Infantry Armor Level 1  
  92  8:24  Engineering Bay  
  92  8:25  Supply Depot  
  92  8:26  Armory  
  92  8:30  Supply Depot  
  92  8:32  Supply Depot  
  92  8:33  Marine x3  
  92  8:34  Marine  
  96  8:37  Barracks  
  96  8:39  Barracks  
  96  8:40  Barracks  
  96  8:41  Barracks  
  93  9:00  SCV  
  93  9:01  Marine x3, SCV x2  
  93  9:02  Marine  
  100  9:15  Marine  
  100  9:16  Marine x3  
  104  9:17  Marine x2  
  104  9:19  Marine  
  91  9:32  Marine x3  
  91  9:33  Siege Tank, Marine x2  
  91  9:34  Marine  
  100  9:42  Marine  
  100  9:43  Marine  
  102  9:48  Medivac x2  
  102  9:51  Barracks Reactor  
  106  9:54  Barracks Reactor x2  
  106  9:55  Barracks Reactor  
  106  10:01  SCV x3  
  109  10:12  Supply Depot  
  109  10:13  Supply Depot  
  106  10:24  Marine x2  
  106  10:25  Marine  
Show
View Real Time Build Order
Export as new Build Order

Jhyrachy Zerg - Winner!

Build Orders: Hatch First 

Get SALT Encoding   

  12  0:02  Drone  
  13  0:10  Drone  
  14  0:17  Overlord  
  14  0:49  Drone  
  15  0:53  Drone  
  15  0:54  Drone  
  15  0:57  Hatchery  
  16  1:13  Spawning Pool  
  16  1:14  Extractor  
  16  1:18  Drone x2  
  16  1:29  Drone  
  17  1:41  Drone  
  18  1:53  Drone  
  19  1:58  Drone  
  20  2:14  Queen x2  
  24  2:23  Drone x3  
  24  2:24  Drone  
  28  2:40  Overlord  
  28  2:41  Overlord  
  28  2:58  Lair  
  28  3:00  Drone  
  28  3:01  Drone x4  
  33  3:06  Extractor  
  33  3:09  Extractor  
  33  3:11  Drone  
  33  3:12  Extractor  
  31  3:42  Drone  
  31  3:43  Drone x7  
  39  3:54  Drone  
  40  3:59  Spire  
  39  4:04  Overlord x2  
  39  4:26  Overlord x2  
  39  4:45  Overlord  
  39  4:46  Overlord  
  39  5:05  Overlord  
  39  5:13  Mutalisk x3  
  39  5:14  Mutalisk x7  
  41  5:19  Drone x4  
  63  5:36  Spine Crawler  
  63  5:38  Overlord  
  39  6:36  Queen  
  39  6:38  Mutalisk x8  
  39  6:39  Mutalisk  
  57  6:55  Metabolic Boost  
  53  8:52  Drone  
  53  8:53  Drone x2  
  56  8:55  Drone  
  56  8:56  Drone x5  
  56  8:57  Drone  
  63  9:14  Overlord x3  
  63  9:34  Pneumatized Carapace  
Tags
 
Add a new tag
Caveats
  • Supply blocks, unpowered buildings, or Contaminate may cause inaccurate times.
  • Supply counts are checked every 10 seconds.